 Dungeon Crawl Stone Soup version 0.19.5 (webtiles) character file.

114 lauthentik the Sneak (level 4, -1/31 HPs)
             Began as a Vampire Enchanter on Mar 29, 2017.
             Slain by Grinder (6 damage)
             ... on level 3 of the Dungeon.
             The game lasted 00:04:31 (1689 turns).

lauthentik the Sneak (Vampire Enchanter)            Turns: 1689, Time: 00:04:32

Health: -1/31      AC: 10    Str:  7    XL:     4   Next: 66%
Magic:  7/7        EV: 13    Int: 18    God:
Gold:   79         SH:  0    Dex: 14    Spells: 2 memorised, 5 levels left

rFire  . . .     SeeInvis +     e - +2 dagger (protect)
rCold  + . .     Gourm    .     b - +1 robe
rNeg   + + .     Faith    .     (no shield)
rPois  +         Spirit   .     (no helmet)
rElec  .         Reflect  .     (no cloak)
rCorr  .         Harm     .     (no gloves)
MR     .....                    (no boots)
Stlth  ++++......               (no amulet)
                                (no ring)
                                (no ring)

@: protection aura, regenerating slowly
A: fangs 3, see invisible, unbreathing
a: Bat Form


You were on level 3 of the Dungeon.
You were very thirsty.

You visited 1 branch of the dungeon, and saw 3 of its levels.

You collected 79 gold pieces.

Inventory:

Hand Weapons
 a - a +1 dagger
 e - a +2 dagger of protection (weapon)
Missiles
 j - 6 tomahawks (quivered)
Armour
 b - a +1 robe (worn)
Magical Staves
 p - an uncursed staff of poison
Scrolls
 f - a scroll of teleportation {unknown}
 i - 2 scrolls of remove curse {unknown}
 l - 2 scrolls of noise {unknown}
 n - a scroll of amnesia {unknown}
 o - a scroll of random uselessness {unknown}
 q - a scroll of fear {unknown}
Potions
 d - 10 potions of blood
 g - 2 potions of haste {unknown}
 h - a potion of flight {unknown}
 k - a potion of heal wounds {unknown}
 m - a potion of agility {unknown}
 r - a potion of curing {unknown}
Books
 c - a book of Maledictions

   Spells                             Type                      Level
   a - Corona                         Hexes                        1
   b - Ensorcelled Hibernation        Hexes/Ice                    2
   c - Confuse                        Hexes                        3
   d - Tukima's Dance                 Hexes                        3
   e - Dazzling Spray                 Conjuration/Hexes            3


   Skills:
 + Level 0.6 Fighting
 + Level 2.1 Short Blades
 + Level 2.5 Dodging
 + Level 6.2 Stealth
 + Level 2.5 Spellcasting
 + Level 5.0 Hexes
 + Level 0.6 Ice Magic


You had 5 spell levels left.
You knew the following spells:

 Your Spells              Type           Power        Failure   Level  Hunger
a - Ensorcelled Hibernat  Hex/Ice        ##....       12%         2    ##.....
b - Corona                Hex            ###....      1%          1    #......


Dungeon Overview and Level Annotations

Branches:
Dungeon (3/15)

Altars:

Annotations:
D:3 Grinder


Innate Abilities, Weirdness & Mutations

You heal slowly.
You have razor-sharp teeth.
You have supernaturally acute eyesight. (SInv)
You can survive without breathing.


Message History

Grinder hits you.
You writhe in agony.
You closely miss Grinder.
Grinder is moderately wounded.
Grinder barely misses you.
You hit Grinder but do no damage.
Grinder is moderately wounded.
Grinder blinks!
No target in view!
Grinder hits you.
You writhe in agony.
You see here a scale mail.
You hit Grinder.
Grinder is moderately wounded.
You hit Grinder but do no damage.
Grinder is moderately wounded.
Grinder hits you!
* * * LOW HITPOINT WARNING * * *
You hit Grinder.
Grinder is heavily wounded.
Grinder hits you.
You die...

#### #.# # #.# #
#.# # #.# # #.#
##.#####.####.#
..............#
#......###..#
##...#..@...[..#
..###.#5#.##.##
...##.#.#.#
#.##..##.#?#.#
#.##..##.....##
###.##..#.......#
........#.#####.#
# #.###.#.# .# #.
#.#.....# #


You could see Grinder.

Vanquished Creatures
  Ijyb (D:2)
  4 adders (D:2)
  A worm (D:3)
  A dart slug (D:2)
  2 leopard geckos (D:2)
  4 orcs (D:3)
  A ball python (D:3)
  6 goblins
  A hobgoblin (D:1)
  6 jackals
  5 bats
  2 frilled lizards
  6 kobolds
  3 rats
43 creatures vanquished.

Notes
Turn   | Place    | Note
-------+----------+-------------------------------------------
     0 | D:1      | lauthentik the Vampire Enchanter began the quest for the Orb.
     0 | D:1      | Reached XP level 1. HP: 13/13 MP: 3/3
   202 | D:1      | Reached skill level 5 in Stealth
   209 | D:1      | Reached XP level 2. HP: 9/19 MP: 5/5
   275 | D:1      | Learned a level 2 spell: Ensorcelled Hibernation
   950 | D:2      | Reached XP level 3. HP: 25/25 MP: 6/6
  1099 | D:2      | Noticed Ijyb
  1106 | D:2      | Killed Ijyb
  1106 | D:2      | Reached skill level 6 in Stealth
  1106 | D:2      | Reached XP level 4. HP: 31/31 MP: 2/7
  1374 | D:2      | Reached skill level 5 in Hexes
  1658 | D:3      | Noticed Grinder
  1666 | D:3      | Paralysed by Grinder for 7 turns
  1689 | D:3      | Slain by Grinder

Skill      XL: |  1  2  3  4 |
---------------+-------------+-----
Stealth        | 5 6 |  6.2
Hexes          | 5 |  5.0
Short Blades   | 2 |  2.1
Fighting       | |  0.6
Dodging        | |  2.5
Spellcasting   | |  2.5
Ice Magic      | |  0.6

Action                   |  1- 3 |  4- 6 || total
-------------------------+-------+-------++-------
Melee: Dagger            |    56 |    44 ||   100
       Bite              |     2 |     2 ||     4
 Cast: Corona            |     4 |       ||     4
       Ensorcelled Hiber |     6 |    11 ||    17
 Stab: Sleeping          |    15 |    12 ||    27
Armor: Robe              |    15 |     7 ||    22
Dodge: Dodged            |    29 |    18 ||    47
